 Dungeon Crawl Stone Soup version 0.27-a0-819-g058290f16d (webtiles) character file.

Game seed: 11452201255951661018

113 jestyr24 the Magician (level 4, -2/31 HPs)
             Began as a Djinni Fire Elementalist on Mar 29, 2021.
             Slain by Sigmund
             ... wielding a +0 scythe
              (4 damage)
             ... on level 3 of the Dungeon.
             The game lasted 00:16:04 (3205 turns).

jestyr24 the Magician (Djinni Fire Elementalist)    Turns: 3205, Time: 00:16:05

Health: -2/31      AC:  2    Str:  7    XL:     4   Next: 96%
Gold:   134        EV: 12    Int: 18    God:
                   SH:  0    Dex: 13

rFire    + + .     SeeInvis .   d - +0 dagger
rCold    x . .     Faith    .   (no shield)
rNeg     . . .     Spirit   .   a - +0 robe
rPois    ∞         Reflect  .   (no helmet)
rElec    .         Harm     .   (no cloak)
rCorr    .         Rampage  .   (no gloves)
Will     .....                  (boots unavailable)
Stlth    +.........             (no amulet)
HPRegen  0.10/turn              b - ring of wizardry
MPRegen  0.00/turn              (no ring)

@: confused, flying
A: fire resistance 2, cold vulnerability 1, float, innate caster, hp casting,
extra vitality 1
a: no special abilities


You were on level 3 of the Dungeon.
You visited 1 branch of the dungeon, and saw 3 of its levels.

You collected 134 gold pieces.

Inventory:

Hand Weapons
 d - a +0 dagger (weapon)
Armour
 a - a +0 robe (worn)
Jewellery
 b - a ring of wizardry (left hand)
Scrolls
 c - 4 scrolls of teleportation {unknown}
 i - 3 scrolls of identify {unknown}
 j - a scroll of noise {unknown}
Potions
 e - 2 potions of flight {unknown}
 f - a potion of resistance {unknown}
 g - a potion of haste {unknown}
 h - a potion of degeneration {unknown}


   Skills:
 + Level 0.3 Fighting
 + Level 0.4 Short Blades
 + Level 2.7 Dodging
 + Level 2.2 Stealth
 + Level 4.1 Spellcasting


You couldn't memorise any spells.
You knew the following spells:

 Your Spells              Type           Power      Damage    Failure   Level
a - Foxfire               Conj/Fire      72%        2x1d7     1%          1
b - Conjure Flame         Conj/Fire      18%        6-21      3%          3
c - Inner Flame           Hex/Fire       18%        N/A       3%          3
d - Sticky Flame          Conj/Fire      18%        2d4       11%         4
e - Fireball              Conj/Fire      9%         3d6       28%         5
f - Summon Small Mammal   Summ           72%        N/A       1%          1
Your spell library was empty.

Dungeon Overview and Level Annotations

Branches:
Dungeon (3/15)

Altars:
Wu Jian
The Shining One

Annotations:
D:3 Sigmund


Innate Abilities, Weirdness & Mutations

You are immune to poison.
Your flesh is very heat resistant. (rF++)
You are vulnerable to cold. (rC-)
You float through the air rather than walking.
You learn spells naturally, not from books.
Your magical power is your life essence.
You have superior vitality. (+4 HP)


Message History

Sigmund is filled with an inner flame.
Sigmund casts a spell at you.
You are confused.
You're too confused to cast spells.
Sorry, you're not good enough to have a special ability.
You're too confused to cast spells.
Sorry, you're not good enough to have a special ability.
You're too confused to cast spells.
Unknown command.
Unknown command.
You're too confused to cast spells.
Sigmund zaps a wand.
The puff of flame misses you.
You're too confused to move!
Sigmund zaps a wand.
The puff of flame misses you.
Sigmund gestures at himself while chanting.
Sigmund flickers and vanishes!
Deactivating autopickup; reactivate with Ctrl-A.
You're too confused to cast spells.
You are too confused!
You bump into the rock wall.
The orc wizard casts a spell at you. The puff of flame hits you. You resist.
You're too confused to cast spells.
You are too confused!
The orc wizard casts a spell at you.
You are more confused.
You hear a zap.
A puff of flame appears from out of thin air!
The puff of flame hits you. You resist.
You're too confused to cast spells.
You are too confused!
You bump into the rock wall.
You're too confused to cast spells.
You are too confused!
The frilled lizard bites you. Something hits you!
* * * LOW HITPOINT WARNING * * *
You're too confused to cast spells.
You are too confused!
You're too confused to move!
The frilled lizard closely misses you. Something hits you.
You die...

....#####.##.#
...........#.# ####
.......#####.##.....
##..##........oo..o.
...>##..####o##....
######..# #.# # #..#
#o###### #..#
#§☼....# #..#
#...l@.#
#.....$......+
#............#
.......#......
##....#########
##+##


You could see an orc wizard and a frilled lizard.

Vanquished Creatures
  Terence (D:3)
  3 adders
  An adder skeleton (D:2)
  A worm (D:3)
  A dart slug (D:2)
  An orc (D:3)
  A bat skeleton (D:2)
  9 endoplasms
  3 giant cockroaches
  A goblin (D:1)
  3 hobgoblins (D:1)
  3 jackals (D:1)
  3 quokkas
  A ball python (D:2)
  7 bats
  2 frilled lizards
  2 jackal skeletons (D:2)
  4 kobolds
  A quokka skeleton (D:2)
  4 rats
52 creatures vanquished.

Vanquished Creatures (others)
  149 foxfires
149 creatures vanquished.

Grand Total: 201 creatures vanquished

Notes
Turn   | Place    | Note
-------+----------+-------------------------------------------
     0 | D:1      | jestyr24 the Djinni Fire Elementalist began the quest for
                  | the Orb.
     0 | D:1      | Reached XP level 1. HP: 15/15 MP: 0/0
   140 | D:1      | Reached skill level 3 in Spellcasting
   194 | D:1      | Reached XP level 2. HP: 20/21 MP: 0/0
  1350 | D:2      | Reached XP level 3. HP: 23/25 MP: 0/0
  1350 | D:2      | Learned a level 1 spell: Summon Small Mammal
  2207 | D:2      | Found an ornate altar of the Wu Jian Council.
  2309 | D:2      | Reached XP level 4. HP: 27/31 MP: 0/0
  2661 | D:2      | Found a glowing golden altar of the Shining One.
  2893 | D:3      | Noticed Terence
  2913 | D:3      | Killed Terence
  2914 | D:3      | Reached skill level 4 in Spellcasting
  3194 | D:3      | Noticed Sigmund
  3205 | D:3      | Slain by Sigmund

Illustrated notes

Levels and vault maps discovered:
D:1:      lemuel_arrival_muddy, layout_basic, lemuel_flame_loot_1
D:2:      minmay_alternating_diamond, layout_basic, tso_oasis_becter,
          marbit_many_paths, serial_undead, serial_undead_d, serial_undead_e,
          serial_undead_c, serial_undead_a, kennysheep_generic_room_15
D:3:      layout_basic, uniq_sigmund, uniq_terence

Skill      XL: |  1  2  3  4 |
---------------+-------------+-----
Spellcasting   | 3 4 |  4.1
Stealth        | 2 |  2.2
Fighting       | |  0.3
Short Blades   | |  0.4
Dodging        | |  2.7

Action                   |  1- 3 |  4- 6 || total
-------------------------+-------+-------++-------
Melee: Dagger            |    14 |       ||    14
 Cast: Foxfire           |    71 |    24 ||    95
       Inner Flame       |       |     2 ||     2
Armor: Robe              |    15 |     1 ||    16
Dodge: Dodged            |    23 |     7 ||    30

Table legend: (Time is in decaauts)
 A = Elapsed time spent in this place.
 B = Non-inter-level travel time spent in this place.
 C = Inter-level travel time spent in this place.
 D = Time resting spent in this place.
 E = Time spent auto-exploring this place.
 F = Levels seen in this place.
 G = Mean time per level.
                   A        B        C        D        E       F      G
               +--------+--------+--------+--------+--------+-----+--------+
         Total |   3203 |   3185 |     18 |   1146 |   1528 |   3 | 1067.7 |
       Dungeon |   3203 |   3185 |     18 |   1146 |   1528 |   3 | 1067.7 |
               +--------+--------+--------+--------+--------+-----+--------+

Top non-repeatable levels by time:
     D:2: 1389 daAuts
     D:1: 1343 daAuts
     D:3: 470 daAuts
